 Dungeon Crawl Stone Soup version 0.27-a0-1325-g58a489ad9e (webtiles) character file.

Game seed: 6395446269151082110

3817 ipx the Arsonist (level 9, -2/45 HPs)
             Began as a Deep Elf Fire Elementalist on June 24, 2021.
             Was a Believer of Sif Muna.
             Shot with a sling bullet by Joseph (10 damage)
             ... on level 9 of the Dungeon.
             The game lasted 00:56:56 (3706 turns).

ipx the Arsonist (Deep Elf Fire Elementalist)       Turns: 3706, Time: 00:56:56

Health: -2/45      AC:  2    Str:  5    XL:     9   Next: 97%
Magic:  4/20       EV: 15    Int: 24    God:    Sif Muna [**....]
Gold:   255        SH:  0    Dex: 15    Spells: 6/20 levels left

rFire    . . .     SeeInvis .   a - +0 dagger (protect)
rCold    . . .     Faith    .   (no shield)
rNeg     . . .     Spirit   .   d - +0 robe
rPois    +         Reflect  .   (no helmet)
rElec    .         Harm     .   (no cloak)
rCorr    .         Rampage  .   (no gloves)
Will     .....                  (no boots)
Stlth    +++.......             (no amulet)
HPRegen  0.15/turn              p - ring of poison resistance
MPRegen  0.17/turn              (no ring)

@: no status effects
A: no striking features
a: Renounce Religion, Channel Magic


You were on level 9 of the Dungeon.
You worshipped Sif Muna.
Sif Muna was pleased with you.
You visited 2 branches of the dungeon, and saw 10 of its levels.
You also visited: Ossuary.

You collected 374 gold pieces.
You spent 119 gold pieces at shops.

Inventory:

Hand Weapons
 a - a +0 dagger of protection (weapon)
 b - a +2 dagger of draining
 r - a +2 morningstar of holy wrath
Missiles
 m - a throwing net
Armour
 d - a +0 robe (worn)
Jewellery
 p - a ring of poison resistance (left hand)
Wands
 f - a wand of paralysis (22)
Scrolls
 c - a scroll of blinking
 e - a scroll of teleportation
 h - a scroll of immolation
 j - a scroll of vulnerability {unknown}
 u - a scroll of amnesia {unknown}
 w - a scroll of brand weapon {unknown}
Potions
 g - a potion of ambrosia
 i - 2 potions of berserk rage {unknown}
 k - 3 potions of attraction {unknown}
 n - 2 potions of brilliance {unknown}
 o - 4 potions of lignification
 q - 3 potions of degeneration {unknown}
 s - a potion of mutation {unknown}
 t - a potion of flight {unknown}
 v - a potion of curing {unknown}
 x - a potion of might {unknown}


   Skills:
 + Level 6.2 Dodging
 - Level 5.0 Stealth
 - Level 6.0 Spellcasting
 - Level 9.0 Conjurations
 + Level 9.3 Fire Magic
 - Level 5.0 Invocations
 + Level 0.9 Evocations


You had 6 spell levels left.
You knew the following spells:

 Your Spells              Type           Power      Damage    Failure   Level
a - Apportation           Tloc           14%        N/A       8%          1
c - Conjure Flame         Conj/Fire      51%        6-21      1%          3
f - Fireball              Conj/Fire      25%        3d11      4%          5
t - Sticky Flame          Conj/Fire      51%        2d7       1%          4
x - Foxfire               Conj/Fire      100%       2x1d9     1%          1

Your spell library contained the following spells:

 Spells                   Type           Power      Damage    Failure   Level
 Dazzling Flash           Conj/Hex       56%        N/A       3%          3
 Inner Flame              Hex/Fire       29%        N/A       3%          3
 Animate Skeleton         Necr           14%        N/A       8%          1
 Corona                   Hex            7%         N/A       8%          1
 Summon Small Mammal      Summ           28%        N/A       8%          1
 Ensorcelled Hibernation  Hex/Ice        14%        N/A       12%         2
 Confusing Touch          Hex            7%         N/A       24%         3
 Tukima's Dance           Hex            7%         N/A       24%         3


Dungeon Overview and Level Annotations

Branches:
Dungeon (9/15)             Temple (1/1) D:4         Ossuary (visited)
   Lair: D:8-11         Orc: D:9-12

Altars:
Ashenzari
Cheibriados
Dithmenos
Elyvilon
Fedhas
Gozag
Kikubaaqudgha
Makhleb
Nemelex Xobeh
Qazlal
Ru
Sif Muna
Wu Jian
Xom
Yredelemnul
Zin

Shops:
D:2 (   D:4 ?   D:7 (

Annotations:
D:6 3 runed translucent doors, fpsbossfight's ghost, novice TrMo
D:9 1 transporter, Joseph; nago's ghost, journeyman VSAE


Message History

Joseph is moderately wounded.
Joseph is covered in liquid flames!
Joseph burns!
A gnoll comes into view. It is wielding a +0 spear.
Joseph unwields a +3 hunting sling of freezing.
Joseph wields a +0 quarterstaff.
Joseph hits you with a +0 quarterstaff!
* * * LOW HITPOINT WARNING * * *
You feel much better.
Joseph burns!
Joseph hits you with a +0 quarterstaff!
A gnoll comes into view. It is wielding a +0 club.
Joseph burns!
Joseph unwields a +0 quarterstaff.
Joseph wields a +3 hunting sling of freezing.
It is covered in frost.
Joseph shoots a sling bullet.
The sling bullet closely misses you.
Joseph burns!
You fail to use your ability.
Joseph shoots a sling bullet.
The sling bullet hits you!
* * * LOW HITPOINT WARNING * * *
The sling bullet freezes you.
* * * LOW HITPOINT WARNING * * *
You feel much better.
Joseph sighs, "Being a guard is usually so boring..."
Casting: Sticky Flame (dangerous; 1% risk of failure)
Confirm with . or Enter, or press ? or * to list all spells.
Aiming: Sticky Flame (dangerous; 1% risk of failure)
Press: ? - help, Shift-Dir - straight line, f/p - Joseph
Aim: Joseph, wielding a +3 hunting sling of freezing, wearing a +0 leather armour and quivering sling bullets (severely wounded, 100% to hit)
The sticky flame hits Joseph but does no damage.
Joseph is severely wounded.
Joseph is covered in liquid flames!
Joseph burns!
Joseph says, "You must be punished!
Or...
I want to punish you!"
Joseph unwields a +3 hunting sling of freezing.
Joseph wields a +0 quarterstaff.
Joseph hits you with a +0 quarterstaff!
Joseph burns!
Joseph unwields a +0 quarterstaff.
Joseph wields a +3 hunting sling of freezing.
It is covered in frost.
Joseph shoots a sling bullet.
The sling bullet hits you!
* * * LOW HITPOINT WARNING * * *
The sling bullet freezes you.
* * * LOW HITPOINT WARNING * * *
Joseph burns!
Joseph shoots a sling bullet.
The sling bullet hits you!
You die...

........#... .#
..K©.W..#©..#.# #..#
..O..O..#..##.# #...
..#.#...#..##.#####..#
.#...#.8#..##.....#..#
..o.C..##..##.....#..#
########...##...@.##'##
...........##.###.g...#
..#..#####.##.'.#.#...#
..#......'.##.#.'@#...#
..#####..#.##.###.....#
#'#####..#....# ####'##
.....#####....#...@..#
######.....####......#
>.(....###.# +......g#


You could see Joseph (burning) and a gnoll.

Vanquished Creatures
  A hydra (D:8)
  A komodo dragon (D:6)
  A hornet (D:8)
  An acid dragon (D:9)
  2 orc warriors (D:7)
  3 sky beasts
  2 necrophages
  An ice beast (D:8)
  A black bear (D:7)
  An ogre (D:5)
  2 kobold brigands
  A bullfrog (D:6)
  2 wyvern zombies (D:8)
  2 scorpions (D:6)
  6 water moccasin zombies (Ossuary)
  4 killer bees
  A wight (D:8)
  2 centaur zombies
  2 jellies
  2 bullfrog zombies
  3 hounds
  A gnoll shaman (D:7)
  An orc priest (D:6)
  A bullfrog skeleton (D:6)
  Jessica (D:3)
  An iguana (D:6)
  2 orc wizards (D:8)
  2 mummies (Ossuary)
  2 gnolls (D:5)
  3 adders
  2 white imps
  An ufetubus (D:7)
  3 adder zombies (Ossuary)
  A dart slug (D:1)
  19 orcs
  A bat zombie (D:2)
  7 endoplasms
  6 giant cockroaches
  3 gnoll zombies (Ossuary)
  5 goblins
  2 hobgoblins (D:2)
  11 jackals
  4 kobolds
  2 ball pythons
  A ball python skeleton (D:2)
  A ball python zombie (D:2)
  5 bats
  3 frilled lizards
  4 hobgoblin zombies (Ossuary)
  5 kobold zombies (Ossuary)
  5 orc zombies (Ossuary)
  2 quokka skeletons (D:2)
  3 rats
151 creatures vanquished.

Vanquished Creatures (others)
  An adder zombie (Ossuary)
  490 foxfires
  4 withered plants (D:2)
495 creatures vanquished.

Grand Total: 646 creatures vanquished

Notes
Turn   | Place    | Note
-------+----------+-------------------------------------------
     0 | D:1      | ipx the Deep Elf Fire Elementalist began the quest for the
                  | Orb.
     0 | D:1      | Reached XP level 1. HP: 10/10 MP: 6/6
   254 | D:2      | Reached XP level 2. HP: 15/15 MP: 5/8
   407 | D:1      | Found a faded altar of an unknown god.
   440 | D:1      | Reached XP level 3. HP: 19/19 MP: 4/9
   444 | D:1      | Learned a level 3 spell: Conjure Flame
   804 | D:2      | Found Helaczak's Weapon Shop.
   923 | D:3      | Noticed Jessica
   930 | D:3      | Killed Jessica
   931 | D:3      | Reached XP level 4. HP: 24/24 MP: 5/10
  1011 | D:4      | Learned a level 4 spell: Sticky Flame
  1062 | D:4      | Noticed a kobold brigand
  1069 | D:4      | Reached XP level 5. HP: 28/28 MP: 3/11
  1184 | D:4      | Found Nalifref's Magic Scroll Shoppe.
  1192 | D:4      | Bought a scroll of identify for 28 gold pieces
  1192 | D:4      | Bought a scroll of teleportation for 42 gold pieces
  1192 | D:4      | Bought a scroll of fear for 49 gold pieces
  1233 | D:4      | Found a staircase to the Ecumenical Temple.
  1243 | D:4      | Reached skill level 5 in Fire Magic
  1244 | D:4      | Reached XP level 6. HP: 32/32 MP: 7/12
  1252 | Temple   | Entered the Ecumenical Temple
  1385 | Temple   | Became a worshipper of Sif Muna the Loreminder
  1448 | D:5      | Entered Level 5 of the Dungeon
  1499 | D:5      | Reached skill level 5 in Conjurations
  1654 | D:6      | Noticed a sky beast
  1668 | D:6      | Killed a sky beast
  1669 | D:6      | Reached skill level 5 in Stealth
  1669 | D:6      | Reached XP level 7. HP: 36/36 MP: 5/13
  1798 | D:5      | Found a shimmering altar of Xom.
  1893 | D:6      | Reached * piety under Sif Muna
  1898 | D:6      | Found a sand-covered staircase.
  1925 | Ossuary  | Entered an ossuary
  2077 | Ossuary  | Learned a level 5 spell: Fireball
  2210 | Ossuary  | Reached skill level 5 in Spellcasting
  2210 | Ossuary  | Reached XP level 8. HP: 41/41 MP: 3/17
  2433 | D:6      | Found a runed translucent gate.
  2433 | D:6      | Found a runed translucent gate.
  2433 | D:6      | Found a runed translucent gate.
  2434 | D:6      | Found an opulent altar of Gozag.
  2434 | D:6      | Noticed a komodo dragon
  2434 | D:6      | Noticed fpsbossfight's ghost (novice TrMo)
  2435 | D:6      | Noticed a white ugly thing
  2459 | D:6      | Noticed a komodo dragon
  2504 | D:6      | Killed a komodo dragon
  2542 | D:6      | Reached ** piety under Sif Muna
  2605 | D:6      | Reached skill level 1 in Invocations
  2727 | D:7      | Found Kisurgho's Weapon Emporium.
  2895 | D:7      | Reached XP level 9. HP: 42/45 MP: 0/20
  3166 | D:8      | Learned a level 1 spell: Apportation
  3248 | D:8      | Found an opulent altar of Gozag.
  3251 | D:8      | Found a snail-covered altar of Cheibriados.
  3253 | D:8      | Found a glowing silver altar of Zin.
  3262 | D:8      | Noticed a seven-headed hydra
  3273 | D:8      | Killed a seven-headed hydra
  3274 | D:8      | Reached skill level 5 in Dodging
  3521 | D:9      | Reached skill level 5 in Invocations
  3586 | D:9      | Found a blossoming altar of Fedhas.
  3659 | D:9      | Noticed a cyclops
  3661 | D:9      | Noticed a two-headed ogre
  3662 | D:9      | Noticed nago's ghost (journeyman VSAE)
  3663 | D:9      | Found a transporter.
  3663 | D:9      | Noticed a kobold demonologist
  3664 | D:9      | Noticed a two-headed ogre
  3692 | D:9      | Noticed Joseph
  3706 | D:9      | Shot with a sling bullet by Joseph

Illustrated notes

Levels and vault maps discovered:
D:1:      psy_arrival_dodecagon, layout_loops_corners,
          chequers_ecumenical_altar_island, minmay_misc_feat_cross
D:2:      layout_rooms, serial_undead, serial_undead_c, serial_undead_d,
          serial_undead_f, serial_undead_c, serial_undead_f, serial_shops,
          nicolae_shop_stone, minivault_25, minmay_tetromino_o4
D:3:      minmay_skewed_foursquare, layout_rooms, uniq_jessica
D:4:      layout_basic, amethyst_overflow_temple_binary,
          minmay_temple_entry_junction, serial_shops, kennysheep_mini_moat,
          uniq_natasha
D:5:      layout_basic, tgw_xom
D:6:      layout_basic, enter_ossuary_5, ebering_ghost_gozag,
          gup_sewer_entry_pipe, uniq_edmund
D:7:      minmay_inner_zag, layout_cave_pods, serial_shops, shop
D:8:      layout_cave_pools, grunt_temple_overflow_diamond, lair_entry_dummy,
          minmay_statues_item
D:9:      layout_stronghold, lemuel_crystal_altar, old_standard_altar,
          gammafunk_ghost_arena, minmay_misc_feat_enclosed, uniq_joseph
Temple:   minmay_temple_curvy_branch

Skill      XL: |  1  2  3  4  5  6  7  8  9 |
---------------+----------------------------+-----
Conjurations   | 2 3 4 5 6 8 9 |  9.0
Fire Magic     | 4 5 6 8 9 |  9.3
Stealth        | 3 4 5 |  5.0
Spellcasting   | 5 6 |  6.0
Invocations    | 2 5 |  5.0
Dodging        | 3 6 |  6.2
Evocations     | |  0.9

Action                   |  1- 3 |  4- 6 |  7- 9 || total
-------------------------+-------+-------+-------++-------
Melee: Dagger            |     7 |     3 |    53 ||    63
 Cast: Foxfire           |    75 |    50 |   172 ||   297
       Sticky Flame      |       |     1 |    35 ||    36
       Conjure Flame     |       |       |     6 ||     6
       Fireball          |       |       |     6 ||     6
       Apportation       |       |       |     3 ||     3
Invok: Channel Magic     |       |       |     3 ||     3
  Use: Scroll            |       |     3 |     6 ||     9
       Potion            |       |       |     2 ||     2
Armor: Robe              |     4 |       |    14 ||    18
Dodge: Dodged            |     8 |     4 |    59 ||    71

Table legend: (Time is in decaauts)
 A = Elapsed time spent in this place.
 B = Non-inter-level travel time spent in this place.
 C = Inter-level travel time spent in this place.
 D = Time resting spent in this place.
 E = Time spent auto-exploring this place.
 F = Levels seen in this place.
 G = Mean time per level.
                   A        B        C        D        E       F      G
               +--------+--------+--------+--------+--------+-----+--------+
         Total |   3847 |   3815 |     32 |      0 |      0 |  11 |  349.7 |
       Dungeon |   3143 |   3130 |     13 |      0 |      0 |   9 |  349.2 |
        Temple |    155 |    136 |     19 |      0 |      0 |   1 |  155.0 |
       Ossuary |    548 |    548 |      0 |      0 |      0 |   1 |  548.0 |
               +--------+--------+--------+--------+--------+-----+--------+

Top non-repeatable levels by time:
 Ossuary: 548 daAuts
     D:6: 515 daAuts
     D:1: 478 daAuts
     D:7: 394 daAuts
     D:2: 365 daAuts
     D:8: 360 daAuts
     D:4: 335 daAuts
     D:9: 278 daAuts
     D:5: 269 daAuts
  Temple: 155 daAuts
     D:3: 144 daAuts
